 Dungeon Crawl Stone Soup version 0.31.0-1-g2c135a008e (webtiles) character file.

Game seed: 17571409731471376037

6691 Amplified the Fighter (level 10, -5/154 HPs)
             Began as a Minotaur Alchemist on Jan 20, 2024.
             Was an Initiate of Gozag.
             Slain by an Executioner (15 damage)
             ... on level 1 of the Abyss.
             The game lasted 00:10:41 (7530 turns).

Amplified the Fighter (Minotaur Alchemist)          Turns: 7530, Time: 00:10:42

Health: -5/154     AC:  9    Str: 18    XL:     10   Next: 74%
Magic:  11/11      EV: 10    Int: 12    God:    Gozag
Gold:   592        SH:  0    Dex: 14    Spells: 8/11 levels left

rFire   . . .        c - +9 war axe "Zilolato" {spect, Fly Dex+4}
rCold   . . .        (no shield)
rNeg    . . .        f - +1 scale mail
rPois   .            (helmet restricted)
rElec   .            (no cloak)
rCorr   .            C - +0 pair of gloves
SInv    .            s - +0 pair of boots
Will    .....        a - amulet of regeneration Stlth
                     (no ring)
HPRegen 1.25/turn    (no ring)
MPRegen 0.12/turn

%: no passive effects
@: berserking, about to teleport, flying, hasted, very quick
A: horns 2, retaliatory headbutt
a: Renounce Religion, Potion Petition, Call Merchant, Bribe Branch


You were on level 1 of the Abyss.
You worshipped Gozag.
Gozag was pleased with you.
You visited 2 branches of the dungeon, and saw 10 of its levels.
You visited the Abyss 1 time.

You collected 1535 gold pieces.
You spent 288 gold pieces at shops.
You paid 655 gold pieces to Gozag.

Inventory:

Hand Weapons
 c - the +9 war axe "Zilolato" (weapon) {spect, Fly Dex+4}
   (You found it on level 3 of the Dungeon)

   Dex+4:     It affects your dexterity (+4).
   Fly:       It grants you flight.
 h - a +3 short sword
Missiles
 k - 23 poisoned darts
Armour
 f - a +1 scale mail (worn)
 s - a +0 pair of boots (worn)
 C - a +0 pair of gloves (worn)
Jewellery
 a - an amulet of regeneration (around neck)
 j - a ring of fire
 F - an amulet of guardian spirit
Wands
 d - a wand of flame (11)
 q - a wand of mindburst (1)
 t - a wand of roots (6)
 E - a wand of polymorph (5)
Scrolls
 g - a scroll of amnesia
 l - a scroll of immolation
 o - 2 scrolls of enchant armour
 v - a scroll of poison
 w - a scroll of enchant weapon
 B - a scroll of vulnerability {unknown}
Potions
 b - 2 potions of magic
 e - 2 potions of brilliance
 n - 8 potions of curing
 r - 3 potions of berserk rage {unknown}
 z - 2 potions of haste
 A - 2 potions of mutation
 D - 2 potions of enlightenment {unknown}


   Skills:
 * Level 14.2 Fighting
 * Level 13.1 Axes
 - Level 2.1 Dodging
 - Level 1.5 Stealth
 - Level 1.3 Spellcasting
 - Level 0.6 Conjurations
 - Level 2.1 Alchemy


You had 8 spell levels left.
You knew the following spells:

 Your Spells              Type           Power      Damage    Failure   Level
a - Sting                 Conj/Alch      16%        1d4       50%         1
b - Mercury Vapours       Alch/Air       6%         N/A       67%         2

Your spell library contained the following spells:

 Spells                   Type           Power      Damage    Failure   Level
 Necrotise                Necr           0%         1d4       69%         1
 Slow                     Hex            0%         N/A       69%         1
 Call Imp                 Summ           0%         N/A       83%         2
 Ensorcelled Hibernation  Hex/Ice        0%         N/A       83%         2
 Sublimation of Blood     Necr           0%         N/A       83%         2
 Mephitic Cloud           Conj/Alch/Air  3%         N/A       90%         3
 Hailstorm                Conj/Ice       1%         3d5       95%         3
 Confusing Touch          Hex            0%         N/A       96%         3
 Passwall                 Erth           0%         N/A       96%         3
 Sigil of Binding         Hex            0%         N/A       96%         3
 Summon Ice Beast         Ice/Summ       0%         N/A       96%         3
 Swiftness                Air            0%         N/A       96%         3
 Tukima's Dance           Hex            0%         N/A       96%         3
 Vampiric Draining        Necr           0%         2d6       96%         3
 Olgreb's Toxic Radiance  Alch           6%         N/A       99%         4
 Sticky Flame             Fire/Alch      3%         2d4       99%         4
 Dimensional Bullseye     Hex/Tloc       0%         N/A       100%        4
 Iskenderun's Mystic Bla  Conj/Tloc      1%         2d3       100%        4
 Martyr's Knell           Necr/Summ      0%         N/A       100%        4
 Curse of Agony           Necr           0%         N/A       100%        5
 Sculpt Simulacrum        Ice/Alch       1%         N/A       100%        6
 Summon Hydra             Summ           0%         N/A       100%        7


Dungeon Overview and Level Annotations

Branches:
Dungeon (9/15)             Temple (1/1) D:4            Lair (0/5) D:9
    Orc: D:9-12

Altars:
Ashenzari
Cheibriados
Dithmenos
Elyvilon
Fedhas
Gozag
Hepliaklqana
Kikubaaqudgha
Makhleb
Nemelex Xobeh
Okawaru
Qazlal
Ru
Sif Muna
Trog
Uskayaw
Vehumet
Wu Jian
Xom

Shops:
D:5 :?![   D:7 (

Annotations:
D:3 2 transporters, iamserjio's ghost, weakling OpSh
D:9 Erolcha


Innate Abilities, Weirdness & Mutations

You have a pair of horns on your head.
You reflexively headbutt those who attack you in melee.


Message History

Okay, then.
Okay, then.
Okay, then. [a] - 336 gold - brilliance and magic [b] - 420 gold - resistance and might [c] - 286 gold - heal wounds and magic Purchase which effect?
You feel much better. Magic courses through your body.
The Executioner hits you!
* * * LOW HITPOINT WARNING * * *
The Executioner closely misses you. The Executioner barely misses you.
The Executioner hits you!
* * * LOW HITPOINT WARNING * * *
The Executioner hits you but does no damage. x2
Unknown command.
Unknown command. [a] - 390 gold - resistance and enlightenment [b] - 588 gold - heal wounds, magic, curing and berserk rage [c] - 290 gold - heal wounds and berserk rage Purchase which effect?
You no longer have enough gold to fund merchants seeking to open stores in the dungeon.
You feel much better.
A red film seems to cover your vision as you go berserk!
You feel yourself moving faster!
You feel mighty! The Executioner closely misses you.
The Executioner barely misses you. The Executioner hits you.
The Executioner hits you!!
* * * LOW HITPOINT WARNING * * *
The Executioner hits you but does no damage.
The Executioner closely misses you.
Unknown command.
Unknown command.
You barely miss the Executioner. Your punch misses the Executioner.
The Executioner is lightly wounded.
Your +9 war axe "Zilolato" {spect, Fly Dex+4} hits the Executioner!
The Executioner hits you!!
* * * LOW HITPOINT WARNING * * *
The Executioner hits you but does no damage. x2
The Executioner hits you!
You die...
Your body crumbles into a pile of gold.

#..... ...#
#.....###.# #
# ....#X..#.~
#
#...#.#.~~.~~
##x#...##~.#
#X##.....# ~.
#X..#.#.# . .
#1...##.. ~#
#@(..# # .#.
#..§..#..# ..
#...#.......#
#.....##..#...
...... #..#..♣
..#..# #.##.~
. #.# ## .# .#


You could see an Executioner (fast), 2 large abominations, a small abomination
and a friendly +9 war axe "Zilolato" {spect, Fly Dex+4}.

Vanquished Creatures
  A two-headed ogre (D:9)
  Jeremiah (D:7)
  A troll (D:9)
  A ynoxinul (Abyss:1)
  A wraith (D:9)
  12 yaks
  A steam dragon (D:9)
  A wyvern (D:9)
  A chaos spawn (Abyss:1)
  5 orc warriors
  A sky beast (D:6)
  2 ogres
  2 wolves (D:9)
  A kobold brigand (D:8)
  3 bullfrogs
  6 scorpions
  3 wights (D:5)
  15 killer bees
  A howler monkey (D:6)
  2 jellies
  11 orc priests
  A bombardier beetle (D:4)
  A hound (D:5)
  A sleepcap (D:6)
  Jessica (D:2)
  5 iguanas
  4 orc wizards
  3 adders
  4 gnolls (D:5)
  2 shadow imps
  2 ufetubi (D:6)
  2 ribbon worms
  2 dart slugs
  27 orcs
  7 ball pythons
  9 endoplasms
  A giant cockroach (D:2)
  7 goblins
  6 hobgoblins
  2 jackals (D:3)
  3 quokkas
  7 bats
  3 frilled lizards
  13 kobolds
  6 rats
191 creatures vanquished.

Vanquished Creatures (others)
  A butterfly (D:5)
  A spectral weapon (Abyss:1)
2 creatures vanquished.

Grand Total: 193 creatures vanquished

Notes
Turn   | Place    | Note
-------+----------+-------------------------------------------
     0 | D:1      | Amplified the Minotaur Alchemist began the quest for the
                  | Orb.
     0 | D:1      | Reached XP level 1. HP: 14/14 MP: 1/1
    40 | D:1      | Reached skill level 1 in Fighting
   197 | D:1      | Reached skill level 2 in Fighting
   197 | D:1      | Reached XP level 2. HP: 12/24 MP: 3/3
   365 | D:1      | Reached skill level 3 in Fighting
   569 | D:1      | Reached XP level 3. HP: 31/31 MP: 4/4
   760 | D:2      | Noticed Jessica
   766 | D:2      | Killed Jessica
   767 | D:2      | Reached skill level 4 in Fighting
  1133 | D:2      | Reached XP level 4. HP: 41/41 MP: 5/5
  1447 | D:2      | Reached skill level 5 in Fighting
  1724 | D:3      | Identified the +9 war axe "Zilolato" {spect, Fly Dex+4}
  1739 | D:3      | Reached skill level 1 in Axes
  1739 | D:3      | Reached XP level 5. HP: 35/49 MP: 2/6
  1889 | D:3      | Found a sacrificial altar of Ru.
  1890 | D:3      | Found a hide-covered altar of Uskayaw.
  1949 | D:3      | Reached skill level 6 in Fighting
  2144 | D:3      | Learned a level 2 spell: Mercury Vapours
  2181 | D:3      | Found a transporter.
  2211 | D:3      | Found an iron altar of Okawaru.
  2449 | D:3      | Found a transporter.
  2450 | D:3      | Noticed iamserjio's ghost (weakling OpSh)
  2730 | D:4      | Reached XP level 6. HP: 58/58 MP: 7/7
  2840 | D:4      | Found a staircase to the Ecumenical Temple.
  2919 | Temple   | Entered the Ecumenical Temple
  3033 | Temple   | Became a worshipper of Gozag Ym Sagoz the Greedy
  3343 | D:5      | Entered Level 5 of the Dungeon
  3343 | D:5      | Found Isihyin's Magic Scroll Emporium.
  3352 | D:5      | Reached skill level 7 in Fighting
  3402 | D:5      | Reached XP level 7. HP: 52/66 MP: 8/8
  3442 | D:5      | Reached skill level 5 in Axes
  3546 | D:5      | Reached skill level 8 in Fighting
  3682 | D:5      | Found a white marble altar of Elyvilon.
  3775 | D:5      | Found Ocoel's Distillery.
  3795 | D:5      | Bought a potion of haste for 120 gold pieces
  3795 | D:5      | Bought a potion of mutation for 96 gold pieces
  3795 | D:5      | Bought a potion of curing for 36 gold pieces
  3795 | D:5      | Bought a potion of curing for 36 gold pieces
  3902 | D:5      | Found Hueshuf's Book Boutique.
  4003 | D:5      | Reached XP level 8. HP: 75/75 MP: 9/9
  4012 | D:5      | Found Tauhizeu's Armour Boutique.
  4242 | D:6      | Found a radiant altar of Vehumet.
  4295 | D:6      | Reached skill level 9 in Fighting
  5021 | D:7      | Reached skill level 10 in Fighting
  5215 | D:7      | Found Winokhlan's Weapon Shoppe.
  5761 | D:7      | Reached XP level 9. HP: 56/86 MP: 10/10
  5856 | D:7      | Noticed Jeremiah
  5862 | D:7      | Killed Jeremiah
  5863 | D:7      | Reached skill level 11 in Fighting
  5932 | D:7      | Noticed a red ugly thing
  5933 | D:7      | Noticed a two-headed ogre
  6094 | D:8      | Reached skill level 10 in Axes
  6303 | D:8      | Found a blossoming altar of Fedhas.
  6305 | D:8      | Found an ancient bone altar of Kikubaaqudgha.
  6335 | D:8      | Reached skill level 12 in Fighting
  6428 | D:8      | Found a shimmering altar of Xom.
  6889 | D:9      | Reached XP level 10. HP: 74/100 MP: 11/11
  6937 | D:9      | Noticed a two-headed ogre
  6955 | D:9      | Killed a two-headed ogre
  6956 | D:9      | Reached skill level 13 in Fighting
  7125 | D:9      | Found a burning altar of Makhleb.
  7135 | D:9      | Found a stormy altar of Qazlal.
  7215 | D:9      | Found a staircase to the Lair.
  7341 | D:9      | Reached skill level 14 in Fighting
  7371 | D:9      | Noticed Erolcha
  7376 | Abyss:1  | Cast into level 1 of the Abyss (Erolcha)
  7403 | Abyss:1  | Noticed a sixfirhy
  7473 | Abyss:1  | Noticed a starcursed mass
  7512 | Abyss:1  | Noticed a large abomination
  7514 | Abyss:1  | Noticed an Executioner
  7520 | Abyss:1  | Noticed a large abomination
  7530 | Abyss:1  | Slain by an Executioner

Illustrated notes

Levels and vault maps discovered:
D:1:      ldierk_walled_garden_2, layout_rooms, due_unseen_surprise
D:2:      cheibrodos_pilgrimage, layout_basic, uniq_jessica
D:3:      layout_basic, nicolae_overflow_two_pavilions,
          okawaru_metal_pillars_1_2, gammafunk_ghost_mausoleum,
          kennysheep_minor_cross, guppyfry_early_lair_pool
D:4:      layout_loops_cross, minmay_temple_entry_poolview
D:5:      layout_rooms, nicolae_elyvilon_peaceful_grove, serial_shops, shop,
          shop_coins, nicolae_lakefront_shop, kennysheep_small_circle
D:6:      layout_loops_corners, lemuel_doored_altar,
          chequers_serial_rivers_small_a
D:7:      layout_loops_corners, serial_shops, nicolae_square_shop,
          lightli_corner_chamber, uniq_jeremiah
D:8:      layout_basic, grunt_temple_overflow_growth_and_decay,
          lemuel_coloured_pillars_altar
D:9:      minmay_razor_zed, layout_loops_ring, mainiacjoe_overflow_big_doors,
          erik_lair_orcish_takeover, billiards_dpeg, uniq_erolcha
Temple:   jpeg_temple_island
Abyss:1:  base: D:7, spicy_abyss_pitcher_plant

Skill      XL: |  1  2  3  4  5  6  7  8  9 10 |
---------------+-------------------------------+-----
Fighting       | 2 3 4 5 6 7 8 10 12 14 | 14.2
Axes           | 1 3 4 6 9 11 13 | 13.1
Dodging        | |  2.1
Stealth        | |  1.5
Spellcasting   | |  1.3
Conjurations   | |  0.6
Alchemy        | |  2.1

Action                     |  1- 3 |  4- 6 |  7- 9 | 10-12 || total
---------------------------+-------+-------+-------+-------++-------
  Melee: Unarmed           |    19 |       |       |       ||    19
         Headbutt          |    16 |     8 |    22 |     6 ||    52
         Punch             |     1 |     1 |       |       ||     2
         Dagger            |    67 |       |       |       ||    67
         Short sword       |    12 |    46 |       |       ||    58
         War axe           |       |    35 |   123 |    49 ||   207
  Throw: Throwing net      |       |       |       |     1 ||     1
   Cast: Sting             |     2 |     3 |       |       ||     5
 Invoke: Potion Petition   |       |       |       |     2 ||     2
  Evoke: Wand              |       |     9 |     7 |     6 ||    22
    Use: Scroll            |     2 |     7 |     6 |     4 ||    19
         Potion            |       |     3 |     1 |     6 ||    10
   Stab: Distracted        |       |       |     3 |       ||     3
         Invisible         |       |       |       |     6 ||     6
 Armour: Robe              |    21 |       |       |       ||    21
         Scale mail        |    31 |    35 |    90 |    58 ||   214
         Skin              |       |    35 |       |       ||    35
  Dodge: Dodged            |    56 |    38 |    35 |    31 ||   160
